Map: [ESL] Waterfall

Players

Velego

  • Race: Protoss Protoss
  • League: Diamond
  • Spawn Location: 7:00

Control - Winner!

  • Race: Terran Terran
  • Spawn Location: 1:00

Event: DreamHack SC2 Masters 2022 Valencia

VOD

Have the link to the VOD?

Description

Time

  • Played on: July 1, 2022, 2:01 p.m.
  • Length: 12:55

All games in this series

Show
View Real Time Build Order
Export as new Build Order

Velego Protoss 

Build Orders: 1 Gate Expand, Blink Stalkers, Chargelot Immortal 

Get SALT Encoding   

  12  0:00  Probe  
  13  0:12  Probe  
  14  0:17  Pylon  
  14  0:24  Probe (Chrono Boost)  
  15  0:36  Probe (Chrono Boost), Gateway  
  16  0:44  Probe (Chrono Boost)  
  16  0:45  Assimilator  
  17  0:51  Probe  
  18  1:03  Probe  
  19  1:15  Probe  
  20  1:25  Cybernetics Core  
  20  1:33  Nexus  
  20  1:40  Pylon  
  20  1:43  Probe  
  21  1:49  Assimilator  
  21  1:55  Probe  
  21  1:59  Adept (Chrono Boost)  
  21  2:00  Warp Gate (Chrono Boost)  
  22  2:08  Probe  
  25  2:18  Twilight Council  
  25  2:20  Probe  
  26  2:29  Stalker  
  28  2:32  Probe  
  30  2:44  Probe  
  30  2:47  Probe  
  31  2:58  Blink (Chrono Boost)  
  31  2:59  Probe  
  31  3:01  Gateway  
  31  3:02  Probe (Chrono Boost)  
  33  3:11  Probe (Chrono Boost)  
  34  3:16  Stalker  
  34  3:19  Probe (Chrono Boost)  
  38  3:21  Probe (Chrono Boost)  
  38  3:26  Probe (Chrono Boost)  
  39  3:27  Probe  
  40  3:35  Robotics Facility  
  40  3:38  Probe  
  40  3:41  Pylon  
  41  3:42  Probe  
  42  3:52  Probe  
  42  3:54  Probe  
  44  3:59  Stalker x2  
  48  4:04  Probe  
  48  4:06  Pylon  
  48  4:07  Probe  
  50  4:16  Probe  
  51  4:17  Nexus  
  51  4:19  Probe  
  52  4:24  Stalker x2  
  52  4:28  Probe  
  52  4:29  Observer  
  58  4:34  Pylon, Assimilator  
  58  4:37  Probe  
  59  4:46  Probe  
  59  4:50  Probe  
  59  4:51  Observer  
  60  4:58  Probe  
  56  5:10  Stalker x2  
  56  5:11  Probe (Chrono Boost)  
  59  5:14  Forge, Gateway  
  59  5:18  Gateway  
  60  5:22  Probe (Chrono Boost)  
  60  5:24  Probe (Chrono Boost)  
  60  5:27  Charge  
  61  5:29  Pylon, Probe (Chrono Boost)  
  61  5:30  Probe (Chrono Boost)  
  61  5:31  Probe (Chrono Boost)  
  61  5:33  Sentry, Zealot  
  68  5:37  Shield Battery  
  68  5:39  Probe  
  68  5:40  Probe  
  71  5:42  Probe  
  71  5:46  Immortal (Chrono Boost)  
  75  5:50  Protoss Ground Armor Level 1 (Chrono Boost)  
  75  5:51  Probe  
  75  5:52  Probe  
  77  5:57  Probe  
  77  6:03  Probe  
  77  6:04  Zealot x2  
  81  6:05  Pylon  
  81  6:07  Gateway  
  83  6:15  Gateway x2  
  83  6:18  Immortal (Chrono Boost)  
  83  6:20  Pylon  
  87  6:26  Templar Archives  
  87  6:27  Pylon  
  87  6:30  Zealot  
  87  6:31  Zealot  
  90  6:37  Shield Battery  
  88  6:40  Probe  
  88  6:44  Probe  
  89  6:48  Immortal (Chrono Boost)  
  91  6:59  Zealot  
  91  7:00  Zealot x3  
  96  7:02  Probe x2  
  96  7:07  Probe  
  99  7:12  Pylon  
  99  7:14  Probe, Shield Battery  
  100  7:17  Immortal (Chrono Boost)  
  100  7:18  Probe  
  100  7:19  Probe  
  100  7:21  Assimilator  
  106  7:26  Probe, Assimilator  
  107  7:33  Probe  
  107  7:34  Zealot  
  107  7:35  Zealot x3  
  116  7:43  Probe  
  117  7:51  Pylon  
  117  7:58  Robotics Bay  
  117  7:59  Robotics Facility  
  117  8:09  Probe x2  
  112  8:13  Pylon, Zealot  
  112  8:14  Zealot x5  
  112  8:19  Protoss Ground Weapons Level 1 (Chrono Boost)  
  114  8:23  Nexus  
  113  8:35  Probe x3  
  113  8:39  Colossus (Chrono Boost)  
  112  8:44  Gateway  
  112  8:45  Gateway, Extended Thermal Lance (Chrono Boost)  
  112  8:47  Probe  
  125  8:53  Colossus (Chrono Boost)  
  125  8:55  Probe  
  126  9:03  Probe  
  126  9:04  Pylon  
  126  9:06  Nexus  
  127  9:12  Photon Cannon  
  127  9:13  Stalker  
  127  9:14  Stalker  
  131  9:27  Probe (Chrono Boost)  
  131  9:28  Disruptor (Chrono Boost)  
  131  9:29  Shield Battery  
  132  9:32  Photon Cannon  
  132  9:36  Probe x2 (Chrono Boost)  
  135  9:39  Probe (Chrono Boost)  
  131  9:47  Probe x2 (Chrono Boost)  
  131  9:48  Probe (Chrono Boost)  
  132  9:54  Disruptor (Chrono Boost)  
  132  9:56  Probe x2  
  132  9:59  Probe  
  138  10:08  Pylon  
  138  10:10  Pylon  
  138  10:12  Pylon  
  138  10:14  Pylon  
  138  10:15  Pylon  
  138  10:18  Probe x2  
  143  10:25  Probe x2  
  145  10:30  Probe  
  145  10:31  Disruptor x2 (Chrono Boost)  
  147  10:37  Probe  
  147  10:41  Stalker x4  
  152  10:47  Probe  
  152  10:48  Assimilator  
  151  11:01  Probe  
  148  11:04  Probe  
  142  11:13  Probe  
  142  11:15  Probe  
  142  11:18  Probe  
  140  11:22  Zealot x5  
  134  11:30  Probe  
  115  11:36  Probe  
  115  11:38  Pylon  
  115  11:39  Probe  
  109  11:44  Pylon  
  109  11:45  Probe  
  104  11:47  Pylon  
  104  11:50  Assimilator  
  102  12:00  Cybernetics Core  
  102  12:02  Dark Shrine, Gateway  
  102  12:05  Gateway  
  102  12:06  Colossus (Chrono Boost), Gateway  
  102  12:09  Gateway  
  102  12:10  Pylon  
  102  12:12  Gateway  
  108  12:21  Probe  
  108  12:25  Pylon  
  106  12:31  Pylon  
  106  12:34  Nexus  
  90  12:46  Zealot x2  
  90  12:47  Zealot  
Show
View Real Time Build Order
Export as new Build Order

Control Terran - Winner!

Build Orders: Reaper Expand 

Get SALT Encoding   

  12  0:00  SCV  
  13  0:12  SCV  
  14  0:18  Supply Depot  
  14  0:24  SCV  
  15  0:39  SCV  
  15  0:40  Barracks  
  16  0:44  Refinery  
  16  0:51  SCV  
  17  1:03  SCV  
  18  1:15  SCV  
  19  1:27  Reaper  
  19  1:28  Orbital Command  
  20  1:45  Command Center  
  20  1:57  SCV  
  20  2:01  Supply Depot  
  21  2:02  Marine  
  22  2:11  Factory  
  22  2:21  Bunker  
  22  2:23  Refinery  
  22  2:26  SCV  
  23  2:31  Barracks Reactor  
  23  2:38  SCV  
  24  2:50  SCV  
  25  3:00  Orbital Command, Armory  
  25  3:02  SCV  
  26  3:09  Marine x2  
  28  3:14  SCV  
  28  3:16  Starport  
  29  3:23  Widow Mine  
  29  3:26  SCV, Supply Depot  
  32  3:28  SCV  
  32  3:32  Marine  
  34  3:34  Marine  
  34  3:38  SCV  
  34  3:40  SCV  
  37  3:48  Widow Mine  
  39  3:50  SCV  
  39  3:52  SCV  
  39  3:53  Medivac  
  39  3:54  Marine x2  
  44  3:56  Supply Depot  
  45  4:02  SCV  
  45  4:04  SCV  
  45  4:09  Widow Mine  
  48  4:12  Barracks  
  48  4:15  SCV, Reaper  
  48  4:16  Marine  
  51  4:18  Supply Depot  
  51  4:21  SCV  
  52  4:24  Starport Tech Lab  
  52  4:27  SCV  
  52  4:30  Factory Tech Lab  
  53  4:33  SCV, Marine  
  53  4:37  Barracks  
  55  4:39  SCV, Supply Depot  
  55  4:42  Engineering Bay  
  56  4:47  Marine  
  56  4:48  Raven  
  56  4:51  SCV  
  60  4:54  SCV  
  60  4:57  Refinery  
  60  4:58  Refinery, Marine  
  62  5:03  SCV  
  62  5:05  Marine  
  62  5:06  SCV  
  63  5:08  Factory Reactor  
  57  5:15  SCV, Marine  
  57  5:18  SCV  
  57  5:19  Marine  
  57  5:20  Stimpack  
  60  5:27  SCV, Supply Depot  
  60  5:28  Marine  
  62  5:30  SCV  
  62  5:34  Supply Depot, Missile Turret  
  62  5:35  Marine  
  65  5:40  SCV, Marauder  
  65  5:42  SCV  
  68  5:46  Supply Depot  
  68  5:52  SCV  
  68  5:54  SCV  
  68  5:57  Marine x2  
  68  6:00  Combat Shield  
  68  6:03  Marauder  
  68  6:04  SCV, Supply Depot  
  73  6:06  SCV, Medivac x2  
  73  6:07  Factory Reactor  
  73  6:10  Marauder  
  80  6:14  Supply Depot  
  80  6:15  Terran Infantry Weapons Level 1  
  80  6:16  SCV  
  81  6:18  SCV, Marine x2  
  84  6:37  Marauder  
  86  6:44  Marine x2, Widow Mine x2  
  86  6:45  Command Center  
  91  6:50  SCV  
  91  6:56  Medivac x2  
  91  6:58  SCV  
  91  7:00  Barracks x2  
  95  7:02  Marine x2  
  95  7:03  Marauder x2  
  95  7:05  Concussive Shells  
  101  7:09  SCV  
  101  7:10  Engineering Bay, SCV, Supply Depot  
  101  7:12  Widow Mine  
  101  7:14  Widow Mine  
  107  7:21  SCV, Marine  
  107  7:22  SCV  
  110  7:24  Marauder  
  112  7:30  Ghost Academy  
  112  7:33  SCV  
  112  7:34  SCV, Missile Turret  
  114  7:39  Marine  
  114  7:40  Marauder  
  117  7:45  SCV, Widow Mine  
  117  7:46  SCV  
  117  7:47  Medivac  
  123  7:52  Terran Infantry Armor Level 1  
  123  7:57  SCV  
  123  7:58  Barracks Tech Lab, Barracks Reactor  
  124  7:59  SCV  
  124  8:00  Orbital Command  
  124  8:04  Marine x2  
  127  8:09  SCV  
  127  8:11  SCV  
  127  8:12  Marine, Marauder  
  115  8:21  SCV  
  115  8:22  Marine x2  
  115  8:23  SCV, Marine  
  115  8:25  Terran Infantry Weapons Level 2  
  115  8:27  SCV  
  121  8:30  Marauder  
  121  8:33  SCV  
  126  8:35  SCV  
  126  8:37  Marine x2  
  126  8:39  SCV, Widow Mine x2  
  134  8:43  Marine  
  134  8:45  SCV  
  134  8:47  SCV  
  139  8:51  Ghost, SCV  
  139  8:52  Ghost  
  139  8:53  Missile Turret  
  140  8:56  Ghost  
  140  8:57  Missile Turret  
  140  8:58  SCV, Supply Depot  
  140  8:59  SCV, Supply Depot  
  140  9:00  Supply Depot  
  140  9:01  Bunker, Marine  
  140  9:02  Refinery, Marine, Sensor Tower  
  146  9:03  Refinery  
  146  9:04  Marine  
  146  9:08  Supply Depot  
  147  9:12  Marine  
  148  9:20  Widow Mine x2  
  148  9:21  Marine x2  
  148  9:22  Medivac x2  
  148  9:23  Ghost x2, Command Center  
  160  9:26  Missile Turret  
  160  9:31  Supply Depot  
  160  9:49  Starport  
  158  9:54  Viking x2, Marine  
  158  9:55  Ghost x2, Marine  
  158  9:58  Marine  
  158  9:59  Marauder  
  165  10:05  Marine  
  166  10:12  Marine  
  166  10:13  Marine  
  168  10:16  Marine  
  168  10:20  Marauder  
  168  10:21  Terran Infantry Armor Level 2  
  171  10:23  Marine  
  171  10:24  Marauder x2  
  176  10:34  Planetary Fortress  
  176  10:35  Barracks x2  
  176  10:36  Marine  
  176  10:37  Sensor Tower  
  176  10:38  Barracks  
  176  10:39  Marine  
  176  10:41  Marauder  
  178  10:45  Marauder x2  
  178  10:47  Marine x2  
  184  10:54  Marine  
  185  10:57  Marine  
  185  10:59  Viking x4  
  185  11:03  Marauder  
  196  11:04  Marine  
  196  11:07  Marauder  
  196  11:10  Marine x2  
  199  11:12  Marine  
  199  11:15  Marine  
  192  11:22  Marine  
  192  11:24  Marauder  
  190  11:28  Marauder  
  190  11:29  Viking x3, Marine, Marauder  
  199  11:34  Marine  
  199  11:35  Marine  
  199  11:39  Viking  
  199  11:40  Barracks Tech Lab x2  
  199  11:41  Barracks Reactor, Command Center  
  199  11:46  Marauder  
  190  11:49  Marauder  
  190  11:50  Marauder  
  188  12:07  Marauder  
  190  12:12  Refinery  
  190  12:14  Refinery  
  190  12:21  Ghost, Marine  
  191  12:28  Marine  

Tags
 
Add a new tag
Caveats
  • Supply blocks, unpowered buildings, or Contaminate may cause inaccurate times.
  • Supply counts are checked every 10 seconds.